 Dungeon Crawl Stone Soup version 0.28-a0-1212-gc6b4282bc0 (webtiles) character file.

Game seed: 5591548506370725243

45 BinkBink the Poker (level 3, 0/39 HPs)
             Began as an Ogre Monk on Dec 21, 2021.
             Succumbed to an adder's poison
             ... on level 2 of the Dungeon.
             The game lasted 00:02:10 (1308 turns).

BinkBink the Poker (Ogre Monk)                      Turns: 1308, Time: 00:02:11

Health: 0/39       AC:  3    Str: 15    XL:     3   Next: 64%
Magic:  3/3        EV: 10    Int: 11    God:
Gold:   78         SH:  0    Dex: 13    Spells: 2/2 levels left

rFire   . . .      SeeInvis .   a - +0 spear
rCold   . . .      Faith    +   (no shield)
rNeg    . . .      Spirit   .   b - +0 robe
rPois   .          Reflect  .   (helmet restricted)
rElec   .          Harm     .   (no cloak)
rCorr   .          Rampage  .   (gloves unavailable)
Will    .....                   (boots unavailable)
Stlth   ++........              d - amulet of faith
HPRegen 0.13/turn               (no ring)
MPRegen 0.08/turn               (no ring)

@: mighty, brilliant, lethally poisoned (0 -> -3), attractive
A: large, unfitting armour, tough skin 1
a: no special abilities


You were on level 2 of the Dungeon.
You visited 1 branch of the dungeon, and saw 2 of its levels.

You collected 78 gold pieces.

Inventory:

Hand Weapons
 a - a +0 spear (weapon)
Armour
 b - a +0 robe (worn)
Jewellery
 d - an amulet of faith (around neck)


   Skills:
 - Level 4.0 Fighting
 + Level 4.5 Polearms
 - Level 2.6 Dodging
 - Level 1.4 Stealth


You had 2 spell levels left.
You didn't know any spells.
Your spell library was empty.

Dungeon Overview and Level Annotations

Branches:
Dungeon (2/15)

Altars:


Innate Abilities, Weirdness & Mutations

You are too large for most types of armour.
You have tough skin. (AC +1)


Message History

You feel sick. The adder bites you.
You are lethally poisoned!
The adder poisons you!
It was a potion of attraction.
You feel attractive to monsters.
* * * LOW HITPOINT WARNING * * *
You feel very sick. The adder bites you but does no damage.
It was a potion of might.
You feel very mighty all of a sudden.
* * * LOW HITPOINT WARNING * * *
You feel sick. The adder misses you. x2
It was a potion of brilliance.
You feel clever all of a sudden.
* * * LOW HITPOINT WARNING * * *
You feel sick. The adder barely misses you.
You closely miss the adder.
The adder is almost dead.
* * * LOW HITPOINT WARNING * * *
You feel sick. The adder closely misses you.
You barely miss the adder.
The adder is almost dead.
* * * LOW HITPOINT WARNING * * *
You feel sick. The adder closely misses you.
You puncture the adder!
You kill the adder!
* * * LOW HITPOINT WARNING * * *
You feel sick.
You aren't carrying any potions.
As you read the scroll labelled MAAFANO BALES, it crumbles to dust.
You hear a loud clanging noise!
It was a scroll of noise.
* * * LOW HITPOINT WARNING * * *
You feel sick.
You hear a shout! x3
The rat is attracted toward you.
As you read the scroll labelled PEDOG MISUAJU, it crumbles to dust.
It is a scroll of identify.
You don't have any unidentified items.
You die...

#
##..##.<..##.##..†.......
........###...........#
......#.........#......#
...............###......#
....#......#....# .......
.........#....$.# ....(..
....##....# ....... ...
#....# ....... .. #@.$.#
....... #)†...r..§
.......#...
...########... ..... #..
.... ## ###


You could see a rat.

Vanquished Creatures
  An adder (D:2)
  3 endoplasms
  A giant cockroach (D:1)
  6 goblins
  4 hobgoblins
  3 jackals (D:2)
  4 ball pythons (D:1)
  6 bats
  2 frilled lizards
  A kobold (D:1)
  3 rats (D:1)
34 creatures vanquished.

Notes
Turn   | Place    | Note
-------+----------+-------------------------------------------
     0 | D:1      | BinkBink the Ogre Monk began the quest for the Orb.
     0 | D:1      | Reached XP level 1. HP: 24/24 MP: 1/1
   261 | D:1      | Reached XP level 2. HP: 32/32 MP: 2/2
   920 | D:1      | Reached XP level 3. HP: 38/39 MP: 3/3
  1306 | D:2      | HP: 1/39 [poisoned by an adder]
  1308 | D:2      | Succumbed to an adder's poison

Illustrated notes

Levels and vault maps discovered:
D:1:      lightli_arrival_quake, layout_basic
D:2:      layout_rooms

Skill      XL: |  1  2 |
---------------+-------+-----
Polearms       | 4 |  4.5
Fighting       | |  4.0
Dodging        | |  2.6
Stealth        | |  1.4

Action                   || total
-------------------------++-------
Melee: Spear             ||   121
  Use: Potion            ||     3
       Scroll            ||     2
 Stab: Sleeping          ||     6
Armor: Robe              ||    38
Dodge: Dodged            ||    47

Table legend: (Time is in decaauts)
 A = Elapsed time spent in this place.
 B = Non-inter-level travel time spent in this place.
 C = Inter-level travel time spent in this place.
 D = Time resting spent in this place.
 E = Time spent auto-exploring this place.
 F = Levels seen in this place.
 G = Mean time per level.
                   A        B        C        D        E       F      G
               +--------+--------+--------+--------+--------+-----+--------+
         Total |   1296 |   1265 |     31 |      0 |   1055 |   2 |  648.0 |
       Dungeon |   1296 |   1265 |     31 |      0 |   1055 |   2 |  648.0 |
               +--------+--------+--------+--------+--------+-----+--------+

Top non-repeatable levels by time:
     D:1: 1100 daAuts
     D:2: 196 daAuts
